WCHLSIM.com - West Coast Hockey League
html PUBLIC "-//W3C//DTD XHTML 1.0 Transitional//EN" "http://www.w3.org/TR/xhtml1/DTD/xhtml1-transitional.dtd"> WCHL - Game 92 - SAN FRANCISCO SPIDERS vs UTAH ICE BEARS

SAN FRANCISCO SPIDERS vs UTAH ICE BEARS

Created - 25 octobre 2023 at 21:41

Goals
1 2 3 OT1 SO T
SAN FRANCISCO SPIDERS 0 1 1 0 1 3
UTAH ICE BEARS 0 1 1 0 0 2
Shots
1 2 3 OT1 SO T
SAN FRANCISCO SPIDERS 1 13 14 2 3 30
UTAH ICE BEARS 4 9 11 9 3 33

1st period

No Goal

Penalties :
Bowen Byram (UTA) for Goalie Interference (Minor) at 1:47

2nd period

1. UTAH ICE BEARS , Matthew Tkachuk 3 (Alexander Ovechkin 2, Evgeni Malkin 6) at 0:49
2. SAN FRANCISCO SPIDERS , Brenden Dillon 2 (Bo Horvat 5, Kyle Palmieri 3) at 5:15

Penalties :
Brenden Dillon (SAF) for Interference (Minor) at 6:12

3rd period

3. UTAH ICE BEARS , Alexander Barabanov 3 (Matias Maccelli 4, Matthew Beniers 5) at 10:11
4. SAN FRANCISCO SPIDERS , Andrei Svechnikov 1 (Zach Hyman 6, Brenden Dillon 3) at 17:34

Penalties :
No Penalty

Overtime #1

No Goal

Penalties :
No Penalty

Shootout

SAN FRANCISCO SPIDERS, Zach Hyman - Shot Misses the Net
UTAH ICE BEARS, Alexander Ovechkin - Stopped by Igor Shesterkin
SAN FRANCISCO SPIDERS, Bo Horvat - Stopped by Thatcher Demko
UTAH ICE BEARS, Matthew Tkachuk - Shot Misses the Net
SAN FRANCISCO SPIDERS, Sebastian Aho - Goal!
UTAH ICE BEARS, Evgeni Malkin - Stopped by Igor Shesterkin

Penalties :
No Penalty

Goalie Stats

Igor Shesterkin (SAF), 31 saves from 33 shots - (0,939), W, 4-1-1, 65:00 minutes
Thatcher Demko (UTA), 28 saves from 30 shots - (0,933), OTL, 2-4-1, 65:00 minutes

Players Stats for SAN FRANCISCO SPIDERS

Player Name              G  A  P  +/- PIM S  H  SB GA TA FO     MP     PP MP  PK MP  
------------------------------------------------------------------------------------
Andrei Svechnikov        1  0  1   1  0   5  2  0  0  0  0/0    18:11   0:50   0:00 
Bo Horvat                0  1  1   0  0   7  1  0  0  0  18/34  23:23   1:09   1:05 
Brenden Dillon           1  1  2   0  2   1  3  0  0  0  0/0    22:23   1:09   0:00 
Dakota Joshua            0  0  0   0  0   0  4  0  0  0  2/9     8:16   0:00   0:00 
Darnell Nurse            0  0  0   0  0   0  2  2  0  0  0/0    26:55   1:09   1:12 
Eeli Tolvanen            0  0  0  -1  0   0  0  0  0  0  0/1     3:22   0:00   0:00 
Erik Gudbranson          0  0  0   0  0   0  1  2  0  0  0/0    21:52   0:50   0:47 
Jacob Middleton          0  0  0   0  0   0  4  2  0  0  0/0    17:04   0:00   1:12 
Jared McCann             0  0  0   0  0   5  2  1  0  0  0/1    19:02   0:50   0:00 
Kirby Dach               0  0  0   0  0   1  1  0  0  0  5/10   12:05   0:00   0:00 
Kyle Palmieri            0  1  1   0  0   1  4  1  0  0  0/1    17:29   0:00   0:00 
Michael Anderson         0  0  0   0  0   1  2  0  0  0  0/0    16:08   0:00   0:00 
Sean Durzi               0  0  0   0  0   1  0  0  0  0  0/0    20:37   0:50   0:47 
Sebastian Aho            0  0  0   0  0   2  2  0  0  0  11/17  20:54   0:50   0:54 
Trent Frederic           0  0  0  -1  0   0  0  0  0  0  0/0     3:22   0:00   0:00 
Trevor Moore             0  0  0   0  0   3  0  0  0  0  0/0    17:29   0:00   0:00 
Viktor Arvidsson         0  0  0   0  0   2  0  0  0  0  0/2    21:13   1:09   0:54 
Zach Hyman               0  1  1   1  0   1  0  0  0  0  1/4    23:15   1:09   1:05 

Players Stats for UTAH ICE BEARS

Player Name              G  A  P  +/- PIM S  H  SB GA TA FO     MP     PP MP  PK MP  
------------------------------------------------------------------------------------
Alexander Barabanov      1  0  1   0  0   4  0  0  0  0  0/0    19:06   0:00   0:00 
Alexander Ovechkin       0  1  1   0  0   6  4  0  0  0  0/0    25:14   1:09   0:00 
Andrew Mangiapane        0  0  0   0  0   1  0  0  0  0  0/2     4:44   0:00   0:46 
Andrew Peeke             0  0  0   0  0   0  1  0  0  0  0/0    22:05   0:50   1:13 
Artem Zub                0  0  0   1  0   0  1  0  0  0  0/0    19:12   0:50   1:13 
Bowen Byram              0  0  0   2  2   0  0  2  0  0  0/0    22:35   1:09   0:00 
Casey Mittelstadt        0  0  0   0  0   2  0  0  0  0  0/0    13:00   0:50   0:00 
David Savard             0  0  0  -2  0   2  5  2  0  0  0/0    28:17   0:00   0:46 
Evgeni Malkin            0  1  1   0  0   5  1  0  0  0  21/33  26:00   1:09   0:46 
Kyle Okposo              0  0  0   0  0   0  0  0  0  0  0/0     5:11   0:00   1:13 
Lucas Raymond            0  0  0   0  0   1  3  0  0  0  0/0    13:00   0:50   0:00 
MacKenzie Weegar         0  0  0  -2  0   2  3  1  0  0  0/0    23:09   1:09   0:00 
Matias Maccelli          0  1  1   0  0   2  1  0  0  0  0/2    19:06   0:00   0:00 
Matthew Beniers          0  1  1   0  0   2  0  1  0  0  5/18   21:39   0:50   0:00 
Matthew Tkachuk          1  0  1   0  0   4  1  0  0  0  0/0    23:40   1:09   0:00 
Morgan Frost             0  0  0   0  0   2  3  0  0  0  12/19  13:23   0:00   1:13 
Ross Colton              0  0  0   0  0   0  0  0  0  0  4/5     3:58   0:00   0:00 
T.J. Brodie              0  0  0   1  0   0  0  0  0  0  0/0     9:41   0:00   0:46 

3 Stars

1 - Andrei Svechnikov (SAF)
2 - Brenden Dillon (SAF)
3 - Igor Shesterkin (SAF)

Power Play

SAN FRANCISCO SPIDERS - 0 on 1 Attempt(s) - 0,00%
UTAH ICE BEARS - 0 on 1 Attempt(s) - 0,00%

Penalty Kill

SAN FRANCISCO SPIDERS - 1 on 1 Attempt(s) - 100,00% - Score 0 goal in Penalty Kill
UTAH ICE BEARS - 1 on 1 Attempt(s) - 100,00% - Score 0 goal in Penalty Kill

Team Stat

SAN FRANCISCO SPIDERS - Hits : 28 - Faceoff Wins : 37 - Blocked Shots : 8 - Penalty Minutes : 2
UTAH ICE BEARS - Hits : 23 - Faceoff Wins : 42 - Blocked Shots : 6 - Penalty Minutes : 2

Official

Referees : Mitch Dunning and Dan Kelly
Linesman : Colin Gates and Ryan Galloway

Game Notes

T.J. Brodie is injured at 6:07 of 2nd period (Back)
Kirby Dach is injured at 1:39 of 3rd period (Strained Left Knee)

Finance

Level 1 -- Attendance: 6932 (89,45%) -- Ticket Income 797 180 $
Level 2 -- Attendance: 5750 (100,00%) -- Ticket Income 442 750 $
Level 3 -- Attendance: 2375 (95,00%) -- Ticket Income 147 250 $
Level 4 -- Attendance: 4782 (95,64%) -- Ticket Income 196 062 $
Luxury Box -- Attendance: 969 (96,90%) -- Ticket Income 242 250 $
Total Attendance: 20808 (94,58%)
Total Ticket Income: 1 825 492 $
Other Expense: 18 255 $
Total Income: 1 807 237 $

SAN FRANCISCO SPIDERS

5 vs 5 Forward 
   Center                   Left Wing                Right Wing               Time % Phy DF OF 
 1 Bo Horvat                Trevor Moore             Kyle Palmieri            32     0   1  4  
 2 Sebastian Aho            Jared McCann             Viktor Arvidsson         32     0   1  4  
 3 Kirby Dach               Zach Hyman               Andrei Svechnikov        31     0   1  4  
 4 Dakota Joshua            Trent Frederic           Eeli Tolvanen            5      0   4  1  

5 vs 5 Defense 
   Defense                  Defense                                           Time % Phy DF OF 
 1 Darnell Nurse            Brenden Dillon                                    36     0   4  1  
 2 Erik Gudbranson          Sean Durzi                                        31     0   4  1  
 3 Michael Anderson         Jacob Middleton                                   23     0   4  1  
 4 Darnell Nurse            Brenden Dillon                                    10     0   4  1  

PowerPlay Forward 
   Center                   Left Wing                Right Wing               Time % Phy DF OF 
 1 Sebastian Aho            Andrei Svechnikov        Jared McCann             55     0   0  5  
 2 Bo Horvat                Zach Hyman               Viktor Arvidsson         45     0   0  5  

PowerPlay Defense
   Defense                  Defense                                           Time % Phy DF OF 
 1 Darnell Nurse            Brenden Dillon                                    55     1   2  2  
 2 Erik Gudbranson          Sean Durzi                                        45     1   2  2  

Penalty Kill 4 Players Forward 
   Center                   Wing                     Time % Phy DF OF 
 1 Zach Hyman               Bo Horvat                55     1   2  2  
 2 Sebastian Aho            Viktor Arvidsson         45     1   2  2  

Penalty Kill 4 Players Defense
   Defense                  Defense                  Time % Phy DF OF 
 1 Darnell Nurse            Brenden Dillon           55     1   2  2  
 2 Erik Gudbranson          Sean Durzi               45     1   2  2  

Penalty Kill - 3 Players Forward 
   Forward                                           Time % Phy DF OF 
 1 Zach Hyman                                        55     1   2  2  
 2 Bo Horvat                                         45     1   2  2  

Penalty Kill - 3 Players Defense
   Defense                  Defense                  Time % Phy DF OF 
 1 Darnell Nurse            Brenden Dillon           55     1   2  2  
 2 Erik Gudbranson          Sean Durzi               45     1   2  2  

4 vs 4 Forward 
   Center                   Wing                     Time % Phy DF OF 
 1 Zach Hyman               Bo Horvat                55     1   2  2  
 2 Sebastian Aho            Viktor Arvidsson         45     1   2  2  

4 vs 4 Defense
   Defense                  Defense                  Time % Phy DF OF 
 1 Darnell Nurse            Brenden Dillon           55     1   2  2  
 2 Erik Gudbranson          Sean Durzi               45     1   2  2  

Last Minutes Offensive
   Center                   Left Wing                Right Wing               Defense                  Defense                  
   Zach Hyman               Sebastian Aho            Viktor Arvidsson         Darnell Nurse            Brenden Dillon           

Last Minutes Defensive
   Center                   Left Wing                Right Wing               Defense                  Defense                  
   Zach Hyman               Sebastian Aho            Viktor Arvidsson         Darnell Nurse            Brenden Dillon           

Goaltenders
Starting : Igor Shesterkin          
Backup : Kevin Lankinen           

Extra Forwards
Normal : Dakota Joshua, Jared McCann, Kirby Dach - PP : Dakota Joshua, Jared McCann - PK : Kirby Dach
Extra Defensemen
Normal : Michael Anderson, Jacob Middleton, Erik Gudbranson - PP : Michael Anderson - PK : Jacob Middleton, Erik Gudbranson
Penalty Shots
Zach Hyman, Bo Horvat, Sebastian Aho, Viktor Arvidsson, Andrei Svechnikov
Custom OT Lines Forwards
Zach Hyman, Bo Horvat, Sebastian Aho, Viktor Arvidsson, Andrei Svechnikov, Jared McCann, Kirby Dach, Kyle Palmieri, Trevor Moore, Eeli Tolvanen
Custom OT Lines Defensemen
Darnell Nurse, Brenden Dillon, Erik Gudbranson, Sean Durzi, Michael Anderson

Scratches
None

UTAH ICE BEARS

5 vs 5 Forward 
   Center                   Left Wing                Right Wing               Time % Phy DF OF 
 1 Evgeni Malkin            Alexander Ovechkin       Matthew Tkachuk          38     0   1  4  
 2 Matthew Beniers          Matias Maccelli          Alexander Barabanov      34     0   2  3  
 3 Morgan Frost             Casey Mittelstadt        Lucas Raymond            23     1   2  2  
 4 Ross Colton              Andrew Mangiapane        Kyle Okposo              5      1   4  0  

5 vs 5 Defense 
   Defense                  Defense                                           Time % Phy DF OF 
 1 David Savard             MacKenzie Weegar                                  36     1   2  2  
 2 Bowen Byram              T.J. Brodie                                       35     1   3  1  
 3 Andrew Peeke             Artem Zub                                         23     0   4  1  
 4 David Savard             T.J. Brodie                                       6      0   4  1  

PowerPlay Forward 
   Center                   Left Wing                Right Wing               Time % Phy DF OF 
 1 Evgeni Malkin            Alexander Ovechkin       Matthew Tkachuk          60     1   1  3  
 2 Matthew Beniers          Casey Mittelstadt        Lucas Raymond            40     1   1  3  

PowerPlay Defense
   Defense                  Defense                                           Time % Phy DF OF 
 1 MacKenzie Weegar         Bowen Byram                                       60     0   2  3  
 2 T.J. Brodie              Artem Zub                                         40     0   2  3  

Penalty Kill 4 Players Forward 
   Center                   Wing                     Time % Phy DF OF 
 1 Morgan Frost             Kyle Okposo              60     1   4  0  
 2 Evgeni Malkin            Andrew Mangiapane        40     1   4  0  

Penalty Kill 4 Players Defense
   Defense                  Defense                  Time % Phy DF OF 
 1 David Savard             T.J. Brodie              60     1   4  0  
 2 Artem Zub                Andrew Peeke             40     1   4  0  

Penalty Kill - 3 Players Forward 
   Forward                                           Time % Phy DF OF 
 1 Evgeni Malkin                                     55     1   4  0  
 2 Kyle Okposo                                       45     1   4  0  

Penalty Kill - 3 Players Defense
   Defense                  Defense                  Time % Phy DF OF 
 1 T.J. Brodie              Artem Zub                55     1   4  0  
 2 David Savard             Andrew Peeke             45     1   4  0  

4 vs 4 Forward 
   Center                   Wing                     Time % Phy DF OF 
 1 Evgeni Malkin            Alexander Ovechkin       55     0   2  3  
 2 Matthew Beniers          Matthew Tkachuk          45     0   2  3  

4 vs 4 Defense
   Defense                  Defense                  Time % Phy DF OF 
 1 MacKenzie Weegar         T.J. Brodie              55     0   4  1  
 2 David Savard             Andrew Peeke             45     0   4  1  

Last Minutes Offensive
   Center                   Left Wing                Right Wing               Defense                  Defense                  
   Evgeni Malkin            Alexander Ovechkin       Matthew Tkachuk          MacKenzie Weegar         Bowen Byram              

Last Minutes Defensive
   Center                   Left Wing                Right Wing               Defense                  Defense                  
   Ross Colton              Andrew Mangiapane        Matthew Tkachuk          MacKenzie Weegar         David Savard             

Goaltenders
Starting : Thatcher Demko           
Backup : Connor Ingram            

Extra Forwards
Normal : Alexander Ovechkin, Evgeni Malkin, Lucas Raymond - PP : Matthew Beniers, Kyle Okposo - PK : Evgeni Malkin
Extra Defensemen
Normal : Andrew Peeke, David Savard, T.J. Brodie - PP : Andrew Peeke - PK : Andrew Peeke, David Savard
Penalty Shots
Alexander Ovechkin, Matthew Tkachuk, Evgeni Malkin, Matthew Beniers, Casey Mittelstadt
Custom OT Lines Forwards
Evgeni Malkin, Alexander Ovechkin, Matthew Tkachuk, Matthew Beniers, Alexander Barabanov, Matias Maccelli, Lucas Raymond, Casey Mittelstadt, Morgan Frost, Andrew Mangiapane
Custom OT Lines Defensemen
MacKenzie Weegar, T.J. Brodie, David Savard, Andrew Peeke, Artem Zub

Scratches
Blake Lizotte (Healthy)

% Time on Ice - SAN FRANCISCO SPIDERS

Lines # - Real PCT - Wanted PCT - Time Play
Normal Forward
1 - 31% - 32% - 17:29
2 - 32% - 32% - 17:50
3 - 31% - 31% - 17:21
4 - 6% - 5% - 3:22
Normal Defense
1 - 32% - 36% - 18:06
2 - 35% - 31% - 19:26
3 - 28% - 23% - 15:52
4 - 5% - 10% - 2:38
PP Forward
1 - 42% - 55% - 0:50
2 - 58% - 45% - 1:09
PP Defense
1 - 58% - 55% - 1:09
2 - 42% - 45% - 0:50
PK Forward
1 - 55% - 55% - 1:05
2 - 45% - 45% - 0:54
PK Defense
1 - 61% - 55% - 1:12
2 - 39% - 45% - 0:47
PK3 Forward
1 - 0% - 55%
2 - 0% - 45%
PK3 Defense
1 - 0% - 55%
2 - 0% - 45%
44 Forward
1 - 0% - 55%
2 - 0% - 45%
44 Defense
1 - 0% - 55%
2 - 0% - 45%
Last Minute Offensive  - 0:00
Last Minute Defensive  - 0:00
Total
Forward - 60:00
Defense - 60:00

% Time on Ice - UTAH ICE BEARS

Lines # - Real PCT - Wanted PCT - Time Play
Normal Forward
1 - 37% - 38% - 20:48
2 - 34% - 34% - 19:06
3 - 22% - 23% - 12:10
4 - 7% - 5% - 3:58
Normal Defense
1 - 34% - 36% - 18:55
2 - 38% - 35% - 21:27
3 - 20% - 23% - 11:24
4 - 8% - 6% - 4:16
PP Forward
1 - 58% - 60% - 1:09
2 - 42% - 40% - 0:50
PP Defense
1 - 58% - 60% - 1:09
2 - 42% - 40% - 0:50
PK Forward
1 - 61% - 60% - 1:13
2 - 39% - 40% - 0:46
PK Defense
1 - 39% - 60% - 0:46
2 - 61% - 40% - 1:13
PK3 Forward
1 - 0% - 55%
2 - 0% - 45%
PK3 Defense
1 - 0% - 55%
2 - 0% - 45%
44 Forward
1 - 0% - 55%
2 - 0% - 45%
44 Defense
1 - 0% - 55%
2 - 0% - 45%
Last Minute Offensive  - 0:00
Last Minute Defensive  - 0:00
Total
Forward - 60:00
Defense - 60:00

Play-by-Play

1st period


0:01 of 1st period - Evgeni Malkin wins face-off versus Bo Horvat in neutral zone.
0:10 of 1st period - Shot by Alexander Ovechkin.
0:10 of 1st period - Shot Misses the Net.
1:04 of 1st period - Icing by Erik Gudbranson.
1:05 of 1st period - Sebastian Aho wins face-off versus Matias Maccelli in SAN FRANCISCO SPIDERS zone.
1:39 of 1st period - Shot by Viktor Arvidsson.
1:39 of 1st period - Shot Misses the Net.
1:44 of 1st period - Icing by Matthew Beniers.
1:45 of 1st period - Kirby Dach wins face-off versus Matthew Beniers in UTAH ICE BEARS zone.
1:47 of 1st period - Minor Penalty to Bowen Byram for Goalie Interference.
1:48 of 1st period - Morgan Frost wins face-off versus Bo Horvat in UTAH ICE BEARS zone.
3:07 of 1st period - Shot by Andrei Svechnikov.
3:07 of 1st period - Shot Misses the Net.
3:09 of 1st period - Shot by Andrei Svechnikov.
3:09 of 1st period - Shot Misses the Net.
3:34 of 1st period - Icing by Darnell Nurse.
3:35 of 1st period - Evgeni Malkin wins face-off versus Bo Horvat in SAN FRANCISCO SPIDERS zone.
3:54 of 1st period - Shot by Alexander Barabanov.
3:54 of 1st period - Stopped by Igor Shesterkin without a rebound.
3:55 of 1st period - Dakota Joshua wins face-off versus Matthew Beniers in SAN FRANCISCO SPIDERS zone.
4:00 of 1st period - Matthew Beniers is hit by Dakota Joshua and loses puck.
4:11 of 1st period - Jacob Middleton is hit by Matias Maccelli and loses puck.
5:11 of 1st period - Icing by Erik Gudbranson.
5:12 of 1st period - Zach Hyman wins face-off versus Morgan Frost in SAN FRANCISCO SPIDERS zone.
5:12 of 1st period - Zach Hyman is hit by Lucas Raymond.
6:11 of 1st period - Bo Horvat is hit by David Savard and loses puck.
6:19 of 1st period - Trevor Moore is hit by MacKenzie Weegar and loses puck.
6:23 of 1st period - Bo Horvat is hit by David Savard and loses puck.
6:43 of 1st period - Shot by Alexander Ovechkin.
6:43 of 1st period - Shot Blocked by Jacob Middleton.
6:52 of 1st period - Sebastian Aho is hit by David Savard and loses puck.
7:08 of 1st period - Sebastian Aho is hit by David Savard and loses puck.
8:31 of 1st period - Alexander Barabanov is hit by Bo Horvat and loses puck.
9:00 of 1st period - Shot by Bo Horvat.
9:00 of 1st period - Shot Misses the Net.
9:43 of 1st period - Casey Mittelstadt is hit by Jacob Middleton and loses puck.
9:53 of 1st period - Icing by Michael Anderson.
9:54 of 1st period - Sebastian Aho wins face-off versus Ross Colton in SAN FRANCISCO SPIDERS zone.
10:09 of 1st period - Shot by Andrei Svechnikov.
10:09 of 1st period - Stopped by Thatcher Demko with a rebound.
11:01 of 1st period - Bo Horvat is hit by Alexander Ovechkin and loses puck.
11:05 of 1st period - Darnell Nurse is hit by Alexander Ovechkin and loses puck.
11:09 of 1st period - Brenden Dillon is hit by Matthew Tkachuk and loses puck.
11:13 of 1st period - Brenden Dillon is hit by MacKenzie Weegar and loses puck.
11:28 of 1st period - David Savard is hit by Kyle Palmieri and loses puck.
11:41 of 1st period - MacKenzie Weegar is hit by Kyle Palmieri and loses puck.
11:52 of 1st period - Shot by Sebastian Aho.
11:52 of 1st period - Shot Blocked by David Savard.
12:02 of 1st period - Jacob Middleton is hit by Alexander Ovechkin and loses puck.
12:10 of 1st period - Icing by Viktor Arvidsson.
12:11 of 1st period - Morgan Frost wins face-off versus Sebastian Aho in SAN FRANCISCO SPIDERS zone.
12:11 of 1st period - Morgan Frost is hit by Michael Anderson.
12:13 of 1st period - Shot by Casey Mittelstadt.
12:13 of 1st period - Stopped by Igor Shesterkin without a rebound.
12:14 of 1st period - Kirby Dach wins face-off versus Morgan Frost in SAN FRANCISCO SPIDERS zone.
12:21 of 1st period - Bowen Byram is hit by Andrei Svechnikov and loses puck.
12:27 of 1st period - Icing by Lucas Raymond.
12:28 of 1st period - Morgan Frost wins face-off versus Sebastian Aho in UTAH ICE BEARS zone.
12:28 of 1st period - Morgan Frost is hit by Jared McCann.
13:01 of 1st period - Casey Mittelstadt is hit by Darnell Nurse and loses puck.
13:11 of 1st period - Morgan Frost is hit by Brenden Dillon and loses puck.
13:46 of 1st period - Alexander Barabanov is hit by Darnell Nurse and loses puck.
15:10 of 1st period - Shot by Matthew Tkachuk.
15:10 of 1st period - Shot Hit the Post.
15:12 of 1st period - Shot by MacKenzie Weegar.
15:12 of 1st period - Shot Misses the Net.
15:46 of 1st period - Icing by Sean Durzi.
15:47 of 1st period - Matthew Beniers wins face-off versus Kirby Dach in SAN FRANCISCO SPIDERS zone.
16:23 of 1st period - Matthew Beniers is hit by Kirby Dach and loses puck.
17:16 of 1st period - Off-side.
17:17 of 1st period - Morgan Frost wins face-off versus Dakota Joshua in neutral zone.
17:20 of 1st period - Darnell Nurse is hit by Morgan Frost and loses puck.
19:31 of 1st period - Shot by Alexander Ovechkin.
19:31 of 1st period - Stopped by Igor Shesterkin without a rebound.
19:32 of 1st period - Kirby Dach wins face-off versus Matthew Beniers in SAN FRANCISCO SPIDERS zone.
19:49 of 1st period - Shot by Matias Maccelli.
19:49 of 1st period - Shot Misses the Net.
19:57 of 1st period - Shot by Matthew Beniers.
19:57 of 1st period - Stopped by Igor Shesterkin with a rebound.
Goals for this period are 0 for SAN FRANCISCO SPIDERS vs 0 for UTAH ICE BEARS.
Shots for this period are 1 for SAN FRANCISCO SPIDERS vs 4 for UTAH ICE BEARS.

2nd period


0:01 of 2nd period - Bo Horvat wins face-off versus Evgeni Malkin in neutral zone.
0:49 of 2nd period - Shot by Alexander Ovechkin.
0:49 of 2nd period - Deflect By Matthew Tkachuk.
0:49 of 2nd period - Goal by Matthew Tkachuk - SAN FRANCISCO SPIDERS : 0 - UTAH ICE BEARS : 1.
0:50 of 2nd period - Sebastian Aho wins face-off versus Matthew Beniers in neutral zone.
1:04 of 2nd period - Sebastian Aho is hit by MacKenzie Weegar.
1:29 of 2nd period - Sebastian Aho is hit by David Savard and loses puck.
2:36 of 2nd period - Shot by Lucas Raymond.
2:36 of 2nd period - Stopped by Igor Shesterkin without a rebound.
2:37 of 2nd period - Bo Horvat wins face-off versus Evgeni Malkin in SAN FRANCISCO SPIDERS zone.
2:59 of 2nd period - Shot by Kyle Palmieri.
2:59 of 2nd period - Deflect By Bo Horvat.
2:59 of 2nd period - Stopped by Thatcher Demko with a rebound.
3:22 of 2nd period - Evgeni Malkin is hit by Brenden Dillon and loses puck.
4:08 of 2nd period - Off-side.
4:09 of 2nd period - Matthew Beniers wins face-off versus Kirby Dach in neutral zone.
4:53 of 2nd period - Shot by Zach Hyman.
4:53 of 2nd period - Shot Misses the Net.
4:55 of 2nd period - Shot by Kirby Dach.
4:55 of 2nd period - Stopped by Thatcher Demko with a rebound.
5:07 of 2nd period - Shot by Bo Horvat.
5:07 of 2nd period - Shot Misses the Net.
5:09 of 2nd period - Shot by Bo Horvat.
5:09 of 2nd period - Shot Misses the Net.
5:13 of 2nd period - Shot by Kyle Palmieri.
5:13 of 2nd period - Deflect By Bo Horvat.
5:13 of 2nd period - Shot Misses the Net.
5:15 of 2nd period - Shot by Brenden Dillon.
5:15 of 2nd period - Goal by Brenden Dillon - SAN FRANCISCO SPIDERS : 1 - UTAH ICE BEARS : 1.
5:16 of 2nd period - Morgan Frost wins face-off versus Viktor Arvidsson in neutral zone.
5:19 of 2nd period - Erik Gudbranson is hit by Lucas Raymond and loses puck.
5:50 of 2nd period - Shot by Casey Mittelstadt.
5:50 of 2nd period - Stopped by Igor Shesterkin without a rebound.
5:51 of 2nd period - Ross Colton wins face-off versus Bo Horvat in SAN FRANCISCO SPIDERS zone.
6:00 of 2nd period - Shot by Andrew Mangiapane.
6:00 of 2nd period - Stopped by Igor Shesterkin without a rebound.
6:01 of 2nd period - Bo Horvat wins face-off versus Evgeni Malkin in SAN FRANCISCO SPIDERS zone.
6:06 of 2nd period - T.J. Brodie is hit by Kyle Palmieri and loses puck.
6:07 of 2nd period - T.J. Brodie from UTAH ICE BEARS is injured at 6:07 of 2nd period (Back).
6:08 of 2nd period - Evgeni Malkin wins face-off versus Bo Horvat in UTAH ICE BEARS zone.
6:12 of 2nd period - Minor Penalty to Brenden Dillon for Interference.
6:13 of 2nd period - Evgeni Malkin wins face-off versus Zach Hyman in SAN FRANCISCO SPIDERS zone.
6:26 of 2nd period - Shot by Matthew Tkachuk.
6:26 of 2nd period - Shot Misses the Net.
8:27 of 2nd period - Icing by David Savard.
8:28 of 2nd period - Bo Horvat wins face-off versus Andrew Mangiapane in UTAH ICE BEARS zone.
8:31 of 2nd period - Shot by Bo Horvat.
8:31 of 2nd period - Stopped by Thatcher Demko without a rebound.
8:32 of 2nd period - Ross Colton wins face-off versus Eeli Tolvanen in UTAH ICE BEARS zone.
8:32 of 2nd period - Ross Colton is hit by Dakota Joshua.
8:37 of 2nd period - Off-side.
8:38 of 2nd period - Evgeni Malkin wins face-off versus Bo Horvat in neutral zone.
9:01 of 2nd period - Icing by Darnell Nurse.
9:02 of 2nd period - Bo Horvat wins face-off versus Matthew Beniers in SAN FRANCISCO SPIDERS zone.
9:49 of 2nd period - Shot by Matthew Beniers.
9:49 of 2nd period - Shot Misses the Net.
10:30 of 2nd period - Icing by David Savard.
10:31 of 2nd period - Sebastian Aho wins face-off versus Matias Maccelli in UTAH ICE BEARS zone.
10:55 of 2nd period - David Savard is hit by Sebastian Aho.
11:35 of 2nd period - Shot by Alexander Ovechkin.
11:35 of 2nd period - Shot Misses the Net.
12:05 of 2nd period - Shot by Trevor Moore.
12:05 of 2nd period - Stopped by Thatcher Demko without a rebound.
12:06 of 2nd period - Kirby Dach wins face-off versus Morgan Frost in UTAH ICE BEARS zone.
12:39 of 2nd period - Shot by Zach Hyman.
12:39 of 2nd period - Stopped by Thatcher Demko with a rebound.
12:43 of 2nd period - Shot by Andrei Svechnikov.
12:43 of 2nd period - Shot Misses the Net.
12:45 of 2nd period - Shot by Andrei Svechnikov.
12:45 of 2nd period - Stopped by Thatcher Demko without a rebound.
12:46 of 2nd period - Sebastian Aho wins face-off versus Andrew Mangiapane in UTAH ICE BEARS zone.
12:47 of 2nd period - Shot by Viktor Arvidsson.
12:47 of 2nd period - Deflect By Jared McCann.
12:47 of 2nd period - Stopped by Thatcher Demko with a rebound.
13:24 of 2nd period - Shot by Jared McCann.
13:24 of 2nd period - Stopped by Thatcher Demko without a rebound.
13:25 of 2nd period - Bo Horvat wins face-off versus Evgeni Malkin in UTAH ICE BEARS zone.
13:38 of 2nd period - Shot by Evgeni Malkin.
13:38 of 2nd period - Shot Misses the Net.
13:40 of 2nd period - Shot by Evgeni Malkin.
13:40 of 2nd period - Deflect By Alexander Ovechkin.
13:40 of 2nd period - Shot Blocked by Darnell Nurse.
13:48 of 2nd period - Shot by Evgeni Malkin.
13:48 of 2nd period - Shot Hit the Post.
13:50 of 2nd period - Shot by Evgeni Malkin.
13:50 of 2nd period - Stopped by Igor Shesterkin without a rebound.
13:51 of 2nd period - Morgan Frost wins face-off versus Zach Hyman in SAN FRANCISCO SPIDERS zone.
14:38 of 2nd period - Shot by Andrei Svechnikov.
14:38 of 2nd period - Stopped by Thatcher Demko without a rebound.
14:39 of 2nd period - Bo Horvat wins face-off versus Evgeni Malkin in UTAH ICE BEARS zone.
15:00 of 2nd period - Shot by Kyle Palmieri.
15:00 of 2nd period - Stopped by Thatcher Demko without a rebound.
15:01 of 2nd period - Sebastian Aho wins face-off versus Matthew Beniers in UTAH ICE BEARS zone.
15:08 of 2nd period - Shot by Sebastian Aho.
15:08 of 2nd period - Shot Misses the Net.
15:10 of 2nd period - Shot by Viktor Arvidsson.
15:10 of 2nd period - Deflect By Jared McCann.
15:10 of 2nd period - Stopped by Thatcher Demko with a rebound.
15:40 of 2nd period - Shot by Jared McCann.
15:40 of 2nd period - Shot Misses the Net.
15:42 of 2nd period - Shot by Jared McCann.
15:42 of 2nd period - Shot Misses the Net.
15:44 of 2nd period - Shot by Michael Anderson.
15:44 of 2nd period - Shot Misses the Net.
15:46 of 2nd period - Shot by Jacob Middleton.
15:46 of 2nd period - Shot Misses the Net.
16:10 of 2nd period - Shot by Trevor Moore.
16:10 of 2nd period - Stopped by Thatcher Demko without a rebound.
16:11 of 2nd period - Morgan Frost wins face-off versus Kirby Dach in UTAH ICE BEARS zone.
16:11 of 2nd period - Morgan Frost is hit by Andrei Svechnikov.
16:21 of 2nd period - Erik Gudbranson is hit by Morgan Frost and loses puck.
16:56 of 2nd period - Icing by Erik Gudbranson.
16:57 of 2nd period - Evgeni Malkin wins face-off versus Kirby Dach in SAN FRANCISCO SPIDERS zone.
17:00 of 2nd period - Shot by Alexander Ovechkin.
17:00 of 2nd period - Shot Blocked by Erik Gudbranson.
17:20 of 2nd period - Shot by Evgeni Malkin.
17:20 of 2nd period - Stopped by Igor Shesterkin without a rebound.
17:21 of 2nd period - Bo Horvat wins face-off versus Matthew Beniers in SAN FRANCISCO SPIDERS zone.
17:35 of 2nd period - Off-side.
17:36 of 2nd period - Sebastian Aho wins face-off versus Evgeni Malkin in neutral zone.
17:58 of 2nd period - Shot by Alexander Ovechkin.
17:58 of 2nd period - Stopped by Igor Shesterkin without a rebound.
17:59 of 2nd period - Bo Horvat wins face-off versus Matthew Beniers in SAN FRANCISCO SPIDERS zone.
18:23 of 2nd period - Shot by Matthew Beniers.
18:23 of 2nd period - Shot Misses the Net.
18:25 of 2nd period - Shot by Matthew Beniers.
18:25 of 2nd period - Shot Misses the Net.
18:33 of 2nd period - Shot by Alexander Barabanov.
18:33 of 2nd period - Stopped by Igor Shesterkin without a rebound.
18:34 of 2nd period - Evgeni Malkin wins face-off versus Sebastian Aho in SAN FRANCISCO SPIDERS zone.
18:49 of 2nd period - Icing by David Savard.
18:50 of 2nd period - Evgeni Malkin wins face-off versus Kirby Dach in UTAH ICE BEARS zone.
19:01 of 2nd period - Shot by Alexander Ovechkin.
19:01 of 2nd period - Shot Misses the Net.
19:51 of 2nd period - Shot by Alexander Barabanov.
19:51 of 2nd period - Stopped by Igor Shesterkin without a rebound.
19:52 of 2nd period - Morgan Frost wins face-off versus Kyle Palmieri in SAN FRANCISCO SPIDERS zone.
Goals for this period are 1 for SAN FRANCISCO SPIDERS vs 1 for UTAH ICE BEARS.
Shots for this period are 13 for SAN FRANCISCO SPIDERS vs 9 for UTAH ICE BEARS.

3rd period


0:01 of 3rd period - Evgeni Malkin wins face-off versus Sebastian Aho in neutral zone.
0:20 of 3rd period - Shot by Sebastian Aho.
0:20 of 3rd period - Shot Misses the Net.
0:41 of 3rd period - Shot by Sebastian Aho.
0:41 of 3rd period - Shot Blocked by David Savard.
0:43 of 3rd period - Shot by Viktor Arvidsson.
0:43 of 3rd period - Shot Misses the Net.
1:15 of 3rd period - Shot by Bo Horvat.
1:15 of 3rd period - Shot Misses the Net.
1:19 of 3rd period - Shot by Sean Durzi.
1:19 of 3rd period - Stopped by Thatcher Demko without a rebound.
1:20 of 3rd period - Kirby Dach wins face-off versus Matthew Beniers in UTAH ICE BEARS zone.
1:38 of 3rd period - Kirby Dach is hit by Artem Zub and loses puck.
1:39 of 3rd period - Kirby Dach from SAN FRANCISCO SPIDERS is injured at 1:39 of 3rd period (Strained Left Knee).
1:40 of 3rd period - Bo Horvat wins face-off versus Morgan Frost in UTAH ICE BEARS zone.
1:43 of 3rd period - Shot by Bo Horvat.
1:43 of 3rd period - Shot Misses the Net.
1:57 of 3rd period - Shot by Bo Horvat.
1:57 of 3rd period - Shot Hit the Post.
2:01 of 3rd period - Shot by Trevor Moore.
2:01 of 3rd period - Stopped by Thatcher Demko without a rebound.
2:02 of 3rd period - Sebastian Aho wins face-off versus Matthew Beniers in UTAH ICE BEARS zone.
2:17 of 3rd period - Shot by Jared McCann.
2:17 of 3rd period - Stopped by Thatcher Demko without a rebound.
2:18 of 3rd period - Bo Horvat wins face-off versus Morgan Frost in UTAH ICE BEARS zone.
2:21 of 3rd period - Shot by Kyle Palmieri.
2:21 of 3rd period - Shot Misses the Net.
2:27 of 3rd period - Shot by Morgan Frost.
2:27 of 3rd period - Stopped by Igor Shesterkin with a rebound.
2:29 of 3rd period - Shot by Lucas Raymond.
2:29 of 3rd period - Shot Blocked by Erik Gudbranson.
2:47 of 3rd period - Shot by Casey Mittelstadt.
2:47 of 3rd period - Shot Misses the Net.
2:49 of 3rd period - Shot by David Savard.
2:49 of 3rd period - Shot Misses the Net.
2:51 of 3rd period - Shot by David Savard.
2:51 of 3rd period - Shot Misses the Net.
3:27 of 3rd period - Shot by Matthew Tkachuk.
3:27 of 3rd period - Stopped by Igor Shesterkin without a rebound.
3:28 of 3rd period - Dakota Joshua wins face-off versus Matthew Beniers in SAN FRANCISCO SPIDERS zone.
4:03 of 3rd period - Alexander Barabanov is hit by Jacob Middleton.
4:27 of 3rd period - Matthew Tkachuk is hit by Jacob Middleton and loses puck.
4:30 of 3rd period - Shot by Alexander Ovechkin.
4:30 of 3rd period - Deflect By Matthew Tkachuk.
4:30 of 3rd period - Stopped by Igor Shesterkin without a rebound.
4:31 of 3rd period - Morgan Frost wins face-off versus Sebastian Aho in SAN FRANCISCO SPIDERS zone.
4:32 of 3rd period - Shot by Casey Mittelstadt.
4:32 of 3rd period - Shot Misses the Net.
4:46 of 3rd period - Shot by Viktor Arvidsson.
4:46 of 3rd period - Shot Misses the Net.
4:54 of 3rd period - Shot by Sebastian Aho.
4:54 of 3rd period - Stopped by Thatcher Demko without a rebound.
4:55 of 3rd period - Evgeni Malkin wins face-off versus Bo Horvat in UTAH ICE BEARS zone.
4:59 of 3rd period - Alexander Ovechkin is hit by Kyle Palmieri and loses puck.
5:07 of 3rd period - Icing by Bowen Byram.
5:08 of 3rd period - Sebastian Aho wins face-off versus Evgeni Malkin in UTAH ICE BEARS zone.
5:09 of 3rd period - Shot by Jared McCann.
5:09 of 3rd period - Shot Blocked by Bowen Byram.
5:38 of 3rd period - Shot by Evgeni Malkin.
5:38 of 3rd period - Shot Misses the Net.
5:40 of 3rd period - Shot by Andrew Peeke.
5:40 of 3rd period - Shot Blocked by Jared McCann.
6:14 of 3rd period - Shot by Matthew Beniers.
6:14 of 3rd period - Shot Misses the Net.
6:16 of 3rd period - Shot by Matias Maccelli.
6:16 of 3rd period - Shot Blocked by Kyle Palmieri.
6:18 of 3rd period - Shot by MacKenzie Weegar.
6:18 of 3rd period - Stopped by Igor Shesterkin without a rebound.
6:19 of 3rd period - Morgan Frost wins face-off versus Dakota Joshua in SAN FRANCISCO SPIDERS zone.
6:21 of 3rd period - Casey Mittelstadt is hit by Michael Anderson and loses puck.
6:50 of 3rd period - Shot by Morgan Frost.
6:50 of 3rd period - Stopped by Igor Shesterkin without a rebound.
6:51 of 3rd period - Bo Horvat wins face-off versus Matthew Beniers in SAN FRANCISCO SPIDERS zone.
7:35 of 3rd period - Shot by Kyle Palmieri.
7:35 of 3rd period - Shot Misses the Net.
7:53 of 3rd period - Sean Durzi is hit by Alexander Ovechkin and loses puck.
8:29 of 3rd period - Shot by Viktor Arvidsson.
8:29 of 3rd period - Stopped by Thatcher Demko with a rebound.
8:45 of 3rd period - Shot by Viktor Arvidsson.
8:45 of 3rd period - Deflect By Jared McCann.
8:45 of 3rd period - Stopped by Thatcher Demko without a rebound.
8:46 of 3rd period - Morgan Frost wins face-off versus Dakota Joshua in UTAH ICE BEARS zone.
9:05 of 3rd period - Shot by Andrei Svechnikov.
9:05 of 3rd period - Stopped by Thatcher Demko without a rebound.
9:06 of 3rd period - Ross Colton wins face-off versus Dakota Joshua in UTAH ICE BEARS zone.
9:17 of 3rd period - Shot by David Savard.
9:17 of 3rd period - Shot Misses the Net.
9:21 of 3rd period - Shot by Andrew Mangiapane.
9:21 of 3rd period - Shot Misses the Net.
9:27 of 3rd period - Shot by David Savard.
9:27 of 3rd period - Stopped by Igor Shesterkin with a rebound.
10:09 of 3rd period - Shot by Matias Maccelli.
10:09 of 3rd period - Stopped by Igor Shesterkin with a rebound.
10:11 of 3rd period - Shot by Alexander Barabanov.
10:11 of 3rd period - Goal by Alexander Barabanov - SAN FRANCISCO SPIDERS : 1 - UTAH ICE BEARS : 2.
10:12 of 3rd period - Sebastian Aho wins face-off versus Evgeni Malkin in neutral zone.
10:15 of 3rd period - Shot by Viktor Arvidsson.
10:15 of 3rd period - Shot Misses the Net.
10:39 of 3rd period - Icing by Erik Gudbranson.
10:40 of 3rd period - Matthew Beniers wins face-off versus Viktor Arvidsson in SAN FRANCISCO SPIDERS zone.
11:04 of 3rd period - Shot by Matthew Beniers.
11:04 of 3rd period - Stopped by Igor Shesterkin without a rebound.
11:05 of 3rd period - Bo Horvat wins face-off versus Evgeni Malkin in SAN FRANCISCO SPIDERS zone.
11:35 of 3rd period - Shot by Alexander Ovechkin.
11:35 of 3rd period - Shot Misses the Net.
11:41 of 3rd period - Shot by Alexander Ovechkin.
11:41 of 3rd period - Shot Blocked by Jacob Middleton.
11:43 of 3rd period - Shot by Matthew Tkachuk.
11:43 of 3rd period - Stopped by Igor Shesterkin without a rebound.
11:44 of 3rd period - Matthew Beniers wins face-off versus Dakota Joshua in SAN FRANCISCO SPIDERS zone.
12:13 of 3rd period - Shot by Andrei Svechnikov.
12:13 of 3rd period - Shot Blocked by MacKenzie Weegar.
12:41 of 3rd period - MacKenzie Weegar is hit by Erik Gudbranson and loses puck.
13:14 of 3rd period - Shot by Jared McCann.
13:14 of 3rd period - Shot Misses the Net.
13:16 of 3rd period - Shot by Sebastian Aho.
13:16 of 3rd period - Shot Blocked by Bowen Byram.
13:28 of 3rd period - Icing by Bo Horvat.
13:29 of 3rd period - Bo Horvat wins face-off versus Morgan Frost in SAN FRANCISCO SPIDERS zone.
13:29 of 3rd period - Bo Horvat is hit by Lucas Raymond.
13:42 of 3rd period - Bo Horvat is hit by Andrew Peeke and loses puck.
13:51 of 3rd period - Shot by Bo Horvat.
13:51 of 3rd period - Deflect By Kyle Palmieri.
13:51 of 3rd period - Shot Misses the Net.
13:53 of 3rd period - Shot by Michael Anderson.
13:53 of 3rd period - Stopped by Thatcher Demko without a rebound.
13:54 of 3rd period - Ross Colton wins face-off versus Dakota Joshua in UTAH ICE BEARS zone.
14:45 of 3rd period - Darnell Nurse is hit by Evgeni Malkin.
14:56 of 3rd period - Off-side.
14:57 of 3rd period - Matthew Beniers wins face-off versus Bo Horvat in neutral zone.
15:14 of 3rd period - Shot by Bo Horvat.
15:14 of 3rd period - Stopped by Thatcher Demko with a rebound.
15:16 of 3rd period - Shot by Erik Gudbranson.
15:16 of 3rd period - Shot Misses the Net.
15:20 of 3rd period - Shot by Bo Horvat.
15:20 of 3rd period - Deflect By Kyle Palmieri.
15:20 of 3rd period - Shot Blocked by Matthew Beniers.
15:30 of 3rd period - Shot by Bo Horvat.
15:30 of 3rd period - Stopped by Thatcher Demko without a rebound.
15:31 of 3rd period - Evgeni Malkin wins face-off versus Sebastian Aho in UTAH ICE BEARS zone.
15:31 of 3rd period - Evgeni Malkin is hit by Sebastian Aho.
16:08 of 3rd period - Evgeni Malkin is hit by Jacob Middleton and loses puck.
16:19 of 3rd period - Shot by Matthew Tkachuk.
16:19 of 3rd period - Shot Misses the Net.
17:02 of 3rd period - Shot by Matias Maccelli.
17:02 of 3rd period - Stopped by Igor Shesterkin without a rebound.
17:03 of 3rd period - Bo Horvat wins face-off versus Morgan Frost in SAN FRANCISCO SPIDERS zone.
17:26 of 3rd period - Shot by Bo Horvat.
17:26 of 3rd period - Stopped by Thatcher Demko without a rebound.
17:27 of 3rd period - Evgeni Malkin wins face-off versus Zach Hyman in UTAH ICE BEARS zone.
17:27 of 3rd period - Matthew Tkachuk is hit by Dakota Joshua and loses puck.
17:34 of 3rd period - Shot by Andrei Svechnikov.
17:34 of 3rd period - Goal by Andrei Svechnikov - SAN FRANCISCO SPIDERS : 2 - UTAH ICE BEARS : 2.
17:35 of 3rd period - Evgeni Malkin wins face-off versus Dakota Joshua in neutral zone.
17:35 of 3rd period - Evgeni Malkin is hit by Dakota Joshua.
17:40 of 3rd period - Alexander Ovechkin is hit by Brenden Dillon and loses puck.
19:27 of 3rd period - Shot by Viktor Arvidsson.
19:27 of 3rd period - Stopped by Thatcher Demko with a rebound.
19:37 of 3rd period - Shot by Sebastian Aho.
19:37 of 3rd period - Stopped by Thatcher Demko without a rebound.
19:38 of 3rd period - Morgan Frost wins face-off versus Jared McCann in UTAH ICE BEARS zone.
19:38 of 3rd period - Morgan Frost is hit by Jared McCann.
19:52 of 3rd period - Brenden Dillon is hit by Morgan Frost and loses puck.
Goals for this period are 1 for SAN FRANCISCO SPIDERS vs 1 for UTAH ICE BEARS.
Shots for this period are 14 for SAN FRANCISCO SPIDERS vs 11 for UTAH ICE BEARS.

Overtime #1


0:01 of 1st overtime period - Bo Horvat wins face-off versus Evgeni Malkin in neutral zone.
0:26 of 1st overtime period - Shot by Evgeni Malkin.
0:26 of 1st overtime period - Stopped by Igor Shesterkin without a rebound.
0:27 of 1st overtime period - Evgeni Malkin wins face-off versus Bo Horvat in SAN FRANCISCO SPIDERS zone.
0:38 of 1st overtime period - Shot by Alexander Ovechkin.
0:38 of 1st overtime period - Stopped by Igor Shesterkin without a rebound.
0:39 of 1st overtime period - Evgeni Malkin wins face-off versus Bo Horvat in SAN FRANCISCO SPIDERS zone.
0:42 of 1st overtime period - Shot by Alexander Ovechkin.
0:42 of 1st overtime period - Shot Blocked by Darnell Nurse.
0:44 of 1st overtime period - Shot by MacKenzie Weegar.
0:44 of 1st overtime period - Shot Misses the Net.
0:46 of 1st overtime period - Shot by Evgeni Malkin.
0:46 of 1st overtime period - Shot Misses the Net.
0:48 of 1st overtime period - Shot by MacKenzie Weegar.
0:48 of 1st overtime period - Stopped by Igor Shesterkin without a rebound.
0:49 of 1st overtime period - Evgeni Malkin wins face-off versus Bo Horvat in SAN FRANCISCO SPIDERS zone.
0:54 of 1st overtime period - Shot by Alexander Ovechkin.
0:54 of 1st overtime period - Deflect By Evgeni Malkin.
0:54 of 1st overtime period - Stopped by Igor Shesterkin without a rebound.
0:55 of 1st overtime period - Evgeni Malkin wins face-off versus Bo Horvat in SAN FRANCISCO SPIDERS zone.
0:58 of 1st overtime period - Shot by Evgeni Malkin.
0:58 of 1st overtime period - Stopped by Igor Shesterkin without a rebound.
0:59 of 1st overtime period - Evgeni Malkin wins face-off versus Bo Horvat in SAN FRANCISCO SPIDERS zone.
1:00 of 1st overtime period - Shot by Alexander Ovechkin.
1:00 of 1st overtime period - Stopped by Igor Shesterkin with a rebound.
1:14 of 1st overtime period - Shot by Bo Horvat.
1:14 of 1st overtime period - Stopped by Thatcher Demko without a rebound.
1:15 of 1st overtime period - Bo Horvat wins face-off versus Evgeni Malkin in UTAH ICE BEARS zone.
1:38 of 1st overtime period - Shot by Bo Horvat.
1:38 of 1st overtime period - Stopped by Thatcher Demko without a rebound.
1:39 of 1st overtime period - Evgeni Malkin wins face-off versus Bo Horvat in UTAH ICE BEARS zone.
1:50 of 1st overtime period - Shot by David Savard.
1:50 of 1st overtime period - Stopped by Igor Shesterkin without a rebound.
1:51 of 1st overtime period - Evgeni Malkin wins face-off versus Bo Horvat in SAN FRANCISCO SPIDERS zone.
1:58 of 1st overtime period - Shot by Alexander Ovechkin.
1:58 of 1st overtime period - Stopped by Igor Shesterkin without a rebound.
1:59 of 1st overtime period - Evgeni Malkin wins face-off versus Bo Horvat in SAN FRANCISCO SPIDERS zone.
2:13 of 1st overtime period - Shot by Alexander Ovechkin.
2:13 of 1st overtime period - Stopped by Igor Shesterkin without a rebound.
2:14 of 1st overtime period - Bo Horvat wins face-off versus Evgeni Malkin in SAN FRANCISCO SPIDERS zone.
3:27 of 1st overtime period - Icing by David Savard.
3:28 of 1st overtime period - Sebastian Aho wins face-off versus Matthew Beniers in UTAH ICE BEARS zone.
Goals for this period are 0 for SAN FRANCISCO SPIDERS vs 0 for UTAH ICE BEARS.
Shots for this period are 2 for SAN FRANCISCO SPIDERS vs 9 for UTAH ICE BEARS.

ShootOut


5:00 of 1st overtime period - Round #1.
5:00 of 1st overtime period - SAN FRANCISCO SPIDERS, Zach Hyman.
5:00 of 1st overtime period - Shot Misses the Net.
5:00 of 1st overtime period - UTAH ICE BEARS, Alexander Ovechkin.
5:00 of 1st overtime period - Stopped by Igor Shesterkin.
5:00 of 1st overtime period - Round #2.
5:00 of 1st overtime period - SAN FRANCISCO SPIDERS, Bo Horvat.
5:00 of 1st overtime period - Stopped by Thatcher Demko.
5:00 of 1st overtime period - UTAH ICE BEARS, Matthew Tkachuk.
5:00 of 1st overtime period - Shot Misses the Net.
5:00 of 1st overtime period - Round #3.
5:00 of 1st overtime period - SAN FRANCISCO SPIDERS, Sebastian Aho.
5:00 of 1st overtime period - Goal by Sebastian Aho.
5:00 of 1st overtime period - UTAH ICE BEARS, Evgeni Malkin.
5:00 of 1st overtime period - Stopped by Igor Shesterkin.


BRAD
MARCHAND
ANZE
KOPITAR
JAMIE
BENN

EAST COAST

HOCKEY LEAGUE

  • 69.QUE5CHW3
  • 70.CHA3TRV4
  • 71.PITRHI
  • 72.ATLWOR